 Dungeon Crawl Stone Soup version 0.18.1-1-g2f07953 (webtiles) character file.

5130 moxian the Spear-Bearer (level 10, -3/79 HPs)
             Began as a Merfolk Venom Mage on May 7, 2016.
             Was a High Priest of Okawaru.
             Slain by a troll (13 damage)
             ... on level 10 of the Dungeon.
             The game lasted 00:49:16 (11744 turns).

moxian the Spear-Bearer (Merfolk Venom Mage)       Turns: 11744, Time: 00:49:17

Health: -3/79      AC:  3    Str: 11    XL:     10   Next: 58%
Magic:  7/16       EV: 16    Int: 14    God:    Okawaru [*****.]
Gold:   373        SH:  0    Dex: 16    Spells: 4 memorised, 7 levels left

rFire  . . .     SeeInvis .     P - +0 halberd (curse)
rCold  . . .     Gourm    .     H - +2 robe
rNeg   . . .     Faith    .     (shield currently unavailable)
rPois  .         Spirit   .     L - +0 helmet
rElec  .         Dismiss  +     z - +0 cloak
rCorr  .         Reflect  .     S - +0 pair of gloves
SustAt .         Harm     .     (no boots)
MR     .....                    F - amulet of dismissal
Stlth  ++........               (no ring)
                                (no ring)

@: corroded, not resistant to hostile enchantments, unstealthy
A: change form in water, swift swim
a: Heroism, Finesse, Renounce Religion


You were on level 10 of the Dungeon.
You worshipped Okawaru.
Okawaru was extremely pleased with you.
You were very hungry.

You visited 1 branch of the dungeon, and saw 10 of its levels.

You collected 373 gold pieces.

Inventory:

Hand Weapons
 a - a +0 trident
 s - a +1 hunting sling of evasion
 I - a +0 scythe
 P - a cursed +0 halberd (weapon)
Missiles
 e - 279 stones (quivered)
 q - 7 needles of sleeping
 G - 79 sling bullets
 J - 8 tomahawks
 R - 3 throwing nets
Armour
 z - a +0 cloak (worn)
 B - a cursed +0 leather armour
 H - a +2 robe (worn)
 L - a +0 helmet (worn)
 Q - a +0 robe of resistance
 S - a +0 pair of gloves (worn)
Jewellery
 h - an uncursed ring of teleportation
 l - an uncursed amulet of the gourmand
 o - an uncursed ring of positive energy {unknown}
 C - an uncursed amulet of regeneration
 F - an amulet of dismissal (around neck)
 Y - the ring "Zixeiskos" {Fire MR+ Str+3 Dex+4, unknown}
   (You found it on level 10 of the Dungeon)

   [ring of fire]

   It enhances your fire magic, and weakens your ice magic.
   It affects your strength (+3).
   It affects your dexterity (+4).
   It protects you from fire.
   It makes you vulnerable to cold.
   It affects your resistance to hostile enchantments.
Wands
 w - a wand of digging (14/24)
 E - a wand of polymorph (8/24)
 M - a wand of enslavement (6/24)
 V - a wand of disintegration (12/24)
Scrolls
 i - a scroll of identify
 k - a scroll of immolation
 m - 3 scrolls of amnesia
 n - a scroll of fog {unknown}
 y - a scroll of blinking
 O - 5 scrolls of remove curse
 W - a scroll of enchant weapon {unknown}
Potions
 f - 3 potions of curing
 g - 5 potions of cancellation
 r - 2 potions of berserk rage
 v - a potion of might
 x - 2 potions of lignification
 A - a potion of magic
 D - a potion of flight {unknown}
 K - a potion of cure mutation {unknown}
 N - a potion of experience {unknown}
 T - a potion of agility
 X - a potion of brilliance {unknown}
 Z - 2 potions of resistance {unknown}
Books
 b - a Young Poisoner's Handbook

   Spells                             Type                      Level
   a - Sting                          Conjuration/Poison           1
   b - Cure Poison                    Poison                       2
   c - Mephitic Cloud                 Conjuration/Poison/Air       3
   d - Olgreb's Toxic Radiance        Poison                       4
   e - Venom Bolt                     Conjuration/Poison           5
Miscellaneous
 u - a plain deck of destruction
Comestibles
 c - 12 bread rations
 d - 12 beef jerkies
 j - 3 meat rations
 p - 2 slices of pizza
 U - 4 fruits


   Skills:
 * Level 7.4 Fighting
 * Level 8.1 Polearms
 * Level 6.4 Dodging
 - Level 2.1 Stealth
 + Level 4.0 Spellcasting
 + Level 4.8 Conjurations
 + Level 5.8 Air Magic
 * Level 6.4 Poison Magic
 * Level 3.8 Invocations


You had 7 spell levels left.
You knew the following spells:

 Your Spells              Type           Power        Failure   Level  Hunger
a - Sting                 Conj/Pois      ###.         1%          1    None
b - Cure Poison           Pois           ###.......   2%          2    ##.....
c - Mephitic Cloud        Conj/Pois/Air  ###.....     8%          3    ###....
d - Olgreb's Toxic Radia  Pois           ###.....     17%         4    ####...


Dungeon Overview and Level Annotations

Branches:
Dungeon (10/15)            Temple (0/1) D:6
   Lair: D:8-11         Orc: D:9-12

Altars:
Ashenzari
Nemelex Xobeh
Okawaru
Ru
Vehumet
Xom

Shops:
D:4 %   D:5 [

Annotations:
D:3 Grinder
D:8 !grum, Gastronok


Message History

The troll misses you. The troll barely misses you. The troll claws you!
Casting: Sting
Confirm with . or Enter, or press ? or * to list all spells.
Aiming: Sting
Press: ? - help, Shift-Dir - straight line, f/p - troll
Aim: a troll (heavily wounded, poisoned)
The sting hits the troll.
The troll is heavily wounded.
The troll closely misses you. The troll claws you. The troll claws you!
Casting: Sting
Confirm with . or Enter, or press ? or * to list all spells.
Aiming: Sting
Press: ? - help, Shift-Dir - straight line, f/p - troll
Aim: a troll (heavily wounded, poisoned)
The sting hits the troll.
The troll is heavily wounded.
The troll bites you!
* * * LOW HITPOINT WARNING * * *
The troll claws you but does no damage. The troll claws you!
You die...

#.# #.##.# #....# #.##.# #####
#.##.# #...# #.##.#######
########## #.#.#
#.##.#.@...####......... #.#.#
#.##.#T#..........# #.
#.#.######.......###.....#.#####.
#...........#.#........#...)..##.
#.#########.#.#..##.#..#[........
#.# #.....#.#..## #. #....#.#.#
#.# #.##..#.#..# #. #.<#.#...#
..# #........ #. #.##)#.#.# #.##
.###.#..####.##.##†#.#.#


You could see a troll.

Vanquished Creatures
  Pikel (D:5)
  Sigmund (D:5)
  A wyvern (D:7)
  Eustachio (D:5)
  A hippogriff (D:7)
  A hungry ghost (D:10)
  Grum (D:8)
  2 water moccasins
  3 slaves
  A wasp (D:8)
  An eye of draining (D:10)
  3 sky beasts
  A black bear (D:7)
  4 wolves
  3 ogres
  5 centaurs
  A crocodile (D:8)
  A big kobold (D:10)
  4 giant frogs
  2 scorpions
  5 killer bees (D:7)
  A wight (D:9)
  4 howler monkeys
  6 crimson imps
  A centaur zombie (D:7)
  2 giant frog zombies
  6 hounds
  2 jellies (D:8)
  3 orc priests
  A giant frog skeleton (D:5)
  4 orc wizards
  A centaur skeleton (D:4)
  An iguana (D:10)
  3 worker ants
  A killer bee zombie (D:7)
  A hound zombie (D:10)
  2 hound skeletons (D:5)
  2 worker ant zombies (D:10)
  4 gnolls (D:6)
  9 adders
  An ooze (D:7)
  An adder skeleton (D:4)
  2 worms (D:2)
  2 dart slugs
  4 giant geckos
  15 orcs
  A ball python (D:1)
  7 bats
  5 giant cockroaches
  7 goblins
  10 hobgoblins
  21 jackals
  12 kobolds
  6 quokkas
  4 giant newts
  10 rats
205 creatures vanquished.

Vanquished Creatures (collateral kills)
  A killer bee (D:7)
  An iguana (D:6)
  An orc (D:6)
3 creatures vanquished.

Vanquished Creatures (others)
  A worker ant (D:5)
  An orc wizard (D:5)
  3 orcs (D:5)
5 creatures vanquished.

Grand Total: 213 creatures vanquished

Notes
Turn   | Place    | Note
--------------------------------------------------------------
     0 | D:1      | moxian the Merfolk Venom Mage began the quest for the Orb.
     0 | D:1      | Reached XP level 1. HP: 13/13 MP: 3/3
   401 | D:1      | Reached XP level 2. HP: 8/19 MP: 0/5
   826 | D:1      | Learned a level 2 spell: Cure Poison
  1163 | D:1      | Reached XP level 3. HP: 17/24 MP: 4/6
  2123 | D:1      | Reached XP level 4. HP: 13/30 MP: 3/8
  2877 | D:2      | Reached skill level 5 in Poison Magic
  2922 | D:2      | Found a sacrificial altar of Ru.
  2924 | D:2      | Found a radiant altar of Vehumet.
  3197 | D:2      | Reached skill level 1 in Conjurations
  3256 | D:2      | Found an iron altar of Okawaru.
  3296 | D:2      | Became a worshipper of Warmaster Okawaru
  3951 | D:3      | Noticed Grinder
  4041 | D:4      | Found a shattered altar of Ashenzari.
  4272 | D:4      | Found a shimmering altar of Xom.
  4275 | D:4      | Reached skill level 1 in Polearms
  4368 | D:4      | Reached XP level 5. HP: 32/35 MP: 9/9
  4425 | D:4      | Found a sparkling altar of Nemelex Xobeh.
  4449 | D:4      | Reached skill level 2 in Polearms
  4452 | D:4      | Reached skill level 3 in Polearms
  4611 | D:4      | Found Govujit's Food Emporium.
  4639 | D:4      | Reached skill level 4 in Polearms
  4652 | D:4      | Learned a level 3 spell: Mephitic Cloud
  4914 | D:5      | Entered Level 5 of the Dungeon
  5252 | D:5      | Reached XP level 6. HP: 33/41 MP: 10/10
  5518 | D:5      | Reached skill level 6 in Polearms
  5675 | D:5      | Found Ischeury's Antique Armour Shop.
  5773 | D:5      | Noticed Sigmund
  5787 | D:5      | Killed Sigmund
  5787 | D:5      | Reached * piety under Okawaru
  5787 | D:5      | Reached skill level 1 in Air Magic
  5787 | D:5      | Reached XP level 7. HP: 46/46 MP: 0/11
  6003 | D:5      | Noticed Eustachio
  6036 | D:5      | Killed Eustachio
  6036 | D:5      | Reached ** piety under Okawaru
  6152 | D:5      | Noticed Pikel
  6784 | D:5      | Killed Pikel
  6784 | D:5      | Reached *** piety under Okawaru
  6784 | D:5      | Reached skill level 5 in Air Magic
  6784 | D:5      | Reached XP level 8. HP: 52/52 MP: 0/12
  6942 | D:5      | Reached skill level 1 in Fighting
  7752 | D:6      | Found a shimmering altar of Xom.
  7864 | D:6      | Reached XP level 9. HP: 58/67 MP: 3/13
  7885 | D:6      | Reached skill level 5 in Fighting
  8018 | D:6      | Reached **** piety under Okawaru
  8137 | D:6      | Found a staircase to the Ecumenical Temple.
  8325 | D:7      | Received a gift from Okawaru
  8552 | D:7      | You fall through a shaft!
  8552 | D:8      | Noticed Grum
  8670 | D:7      | Reached skill level 1 in Invocations
  8815 | D:7      | Reached skill level 5 in Dodging
  9518 | D:8      | Reached skill level 7 in Polearms
  9600 | D:7      | Reached ***** piety under Okawaru
  9712 | D:8      | Noticed Gastronok
  9720 | D:8      | Reached XP level 10. HP: 68/77 MP: 7/15
 10170 | D:8      | Killed Grum
 10648 | D:9      | Noticed a green ugly thing
 10655 | D:10     | Entered Level 10 of the Dungeon
 10722 | D:10     | Received a gift from Okawaru
 10849 | D:10     | Learned a level 4 spell: Olgreb's Toxic Radiance
 10880 | D:10     | Got a wavering silver ring
 11268 | D:10     | Reached skill level 8 in Polearms
 11744 | D:10     | Slain by a troll

Skill      XL: |  1  2  3  4  5  6  7  8  9 10 |
---------------+-------------------------------+-----
Dodging        | 3 4 5 6 |  6.4
Poison Magic   | 5 6 |  6.4
Conjurations   | 1 2 3 4 |  4.8
Polearms       | 1 4 6 7 8 |  8.1
Air Magic      | 1 5 |  5.8
Fighting       | 4 6 7 |  7.4
Spellcasting   | 3 4 |  4.0
Invocations    | 2 3 |  3.8
Stealth        | |  2.1

Action                   |  1- 3 |  4- 6 |  7- 9 | 10-12 || total
-------------------------+-------+-------+-------+-------++-------
Melee: Unarmed           |    38 |       |       |       ||    38
       Short sword       |    21 |    18 |       |       ||    39
       Trident           |       |    77 |   252 |   155 ||   484
       Dagger            |       |     7 |       |       ||     7
       Halberd           |       |       |       |    81 ||    81
Throw: Stone             |     4 |     4 |    14 |       ||    22
 Cast: Sting             |    75 |   108 |   183 |   127 ||   493
       Cure Poison       |       |     1 |     1 |     1 ||     3
       Mephitic Cloud    |       |       |    23 |    15 ||    38
Invok: Heroism           |       |       |       |     1 ||     1
  Use: Scroll            |       |     7 |     7 |     2 ||    16
       Potion            |       |     2 |       |     4 ||     6
 Stab: Sleeping          |     2 |     4 |     2 |     1 ||     9
       Confused          |       |       |     5 |     4 ||     9
       Distracted        |       |       |     1 |     2 ||     3
  Eat: Chunk             |     5 |    22 |     8 |     7 ||    42
       Pizza             |       |       |       |     1 ||     1
Armor: Robe              |    31 |    17 |    86 |    68 ||   202
Dodge: Dodged            |    92 |   109 |   254 |   242 ||   697
